 Dungeon Crawl Stone Soup version 0.28.0-53-g5a82cb258f (webtiles) character file.

Game seed: 12803303620164777033

394 Cape the Chopper (level 6, 0/55 HPs)
             Began as a Minotaur Berserker on Aug 10, 2022.
             Was a Believer of Trog.
             Slain by a hound (4 damage)
             ... on level 4 of the Dungeon.
             The game lasted 00:06:33 (3100 turns).

Cape the Chopper (Minotaur Berserker)               Turns: 3100, Time: 00:06:34

Health: 0/55       AC:  6    Str: 23    XL:     6   Next: 51%
Magic:  5/5        EV: 12    Int:  4    God:    Trog [**....]
Gold:   160        SH:  0    Dex: 10    Spells: 5/5 levels left

rFire   . . .      SeeInvis .   a - +0 hand axe
rCold   . . .      Faith    .   (no shield)
rNeg    . . .      Spirit   .   m - +0 ring mail
rPois   .          Reflect  .   (helmet restricted)
rElec   .          Harm     .   (no cloak)
rCorr   .          Rampage  .   (no gloves)
Will    .....                   (no boots)
Stlth   ..........              (no amulet)
HPRegen 0.18/turn               (no ring)
MPRegen 0.09/turn               (no ring)

@: on berserk cooldown, slowed, very slow
A: horns 2, retaliatory headbutt
a: Renounce Religion, Berserk, Trog's Hand


You were on level 4 of the Dungeon.
You worshipped Trog.
Trog was pleased with you.
You visited 1 branch of the dungeon, and saw 4 of its levels.

You collected 160 gold pieces.

Inventory:

Hand Weapons
 a - a +0 hand axe (weapon)
Missiles
 f - 4 atropa-tipped darts
 q - a boomerang (quivered)
Armour
 m - a +0 ring mail (worn)
Jewellery
 l - a ring of flight
Scrolls
 d - 2 scrolls of identify {unknown}
 e - 2 scrolls of magic mapping {unknown}
 g - a scroll of enchant armour {unknown}
 j - a scroll of fog {unknown}
 k - a scroll of blinking {unknown}
 n - a scroll of vulnerability {unknown}
 o - a scroll of immolation {unknown}
 r - a scroll of teleportation {unknown}
 s - a scroll of noise {unknown}
Potions
 b - a potion of curing {unknown}
 c - 2 potions of degeneration {unknown}
 h - a potion of ambrosia {unknown}
 i - a potion of flight {unknown}
 p - 2 potions of attraction {unknown}


   Skills:
 + Level 4.9 Fighting
 * Level 5.9 Axes
 * Level 5.2 Armour
 + Level 3.6 Dodging


You had 5 spell levels left.
You didn't know any spells.
Your spell library was empty.

Dungeon Overview and Level Annotations

Branches:
Dungeon (4/15)
 Temple: D:4-7

Altars:
Hepliaklqana
Kikubaaqudgha
Ru
Wu Jian
Xom


Innate Abilities, Weirdness & Mutations

You have a pair of horns on your head.
You reflexively headbutt those who attack you in melee.


Message History

You feel a strong urge to attack something.
You start resting.
You feel your anger nearly subside.
You are no longer berserk.
You are exhausted.
You feel yourself slow down.
You start resting.
A hound comes into view.
The hound pauses to sniff the ground.
An adder skeleton comes into view.
The hound barely misses you. The hound bites you but does no damage.
The hound barely misses you. You furiously retaliate!
You headbutt the hound. The hound bites you.
* * * LOW HITPOINT WARNING * * *
The hound bites you but does no damage. x2
The adder skeleton completely misses you.
You furiously retaliate!
You headbutt the adder skeleton! The hound bites you.
* * * LOW HITPOINT WARNING * * *
The adder skeleton bites you.
* * * LOW HITPOINT WARNING * * *
The hound bites you.
* * * LOW HITPOINT WARNING * * *
The hound completely misses you.
You hit the hound. Your headbutt misses the hound.
The hound is heavily wounded.
You hit the adder skeleton.
The adder skeleton bites you but does no damage.
The hound closely misses you. The adder skeleton barely misses you.
The hound closely misses you.
You closely miss the hound.
The hound is heavily wounded.
You hit the adder skeleton.
You destroy the adder skeleton!
Trog accepts your kill. The hound bites you but does no damage.
The hound bites you.
* * * LOW HITPOINT WARNING * * *
You completely miss the hound. You headbutt the hound.
The hound is heavily wounded.
The hound misses you. The hound bites you.
You die...

### ..##### ###.....#
#.......# ##### #.......#
.....# #.......# .....#
#####..)....##.....#
...................## #
#####......h@.......
#.#.#######...#..#####.####
#..........................
.#.###.####.....####......
#.#......##..###....#.....)
............## ##......#
#######....## ##.....#
#######...## ##.)..#
.........## ##.......


You could see a hound.

Vanquished Creatures
  2 ogres (D:4)
  A phantom (D:3)
  A bullfrog skeleton (D:3)
  Jessica (D:3)
  A hound skeleton (D:2)
  A howler monkey skeleton (D:2)
  An adder skeleton (D:4)
  2 worms (D:2)
  A dart slug (D:2)
  2 orcs (D:3)
  6 ball pythons
  8 bats
  10 endoplasms
  2 giant cockroaches
  3 goblins
  3 hobgoblins (D:2)
  7 jackals
  6 kobolds
  A quokka (D:1)
  A frilled lizard (D:1)
  2 rats (D:2)
62 creatures vanquished.

Notes
Turn   | Place    | Note
-------+----------+-------------------------------------------
     0 | D:1      | Cape the Minotaur Berserker began the quest for the Orb.
     0 | D:1      | Reached XP level 1. HP: 19/19 MP: 0/0
   379 | D:1      | Reached XP level 2. HP: 27/27 MP: 1/1
   855 | D:2      | Reached XP level 3. HP: 33/33 MP: 2/2
   866 | D:2      | Reached ** piety under Trog
  1284 | D:2      | Reached XP level 4. HP: 30/40 MP: 3/3
  1416 | D:2      | Found a faded altar of an unknown god.
  1723 | D:3      | Found a shimmering altar of Xom.
  2256 | D:3      | Noticed Jessica
  2267 | D:3      | Killed Jessica
  2268 | D:3      | Reached skill level 5 in Axes
  2268 | D:3      | Reached XP level 5. HP: 42/47 MP: 4/4
  2511 | D:3      | Noticed a phantom
  2526 | D:3      | Killed a phantom
  2719 | D:3      | Found a hazy altar of Hepliaklqana.
  2953 | D:4      | Noticed an ogre
  2958 | D:4      | Killed an ogre
  2959 | D:4      | Reached XP level 6. HP: 53/53 MP: 5/5
  2998 | D:4      | Found a sacrificial altar of Ru.
  3000 | D:4      | Found an ancient bone altar of Kikubaaqudgha.
  3003 | D:4      | Found an ornate altar of the Wu Jian Council.
  3080 | D:4      | Reached skill level 5 in Armour
  3100 | D:4      | Slain by a hound

Illustrated notes

Levels and vault maps discovered:
D:1:      minmay_arrival_hallway, layout_basic
D:2:      layout_loops_ring, shapermc_ecumenical_altar_mp_highgroup,
          hangedman_decor_clover_reticule, minivault_4
D:3:      layout_loops_ring, nicolae_hepliaklqana_hippocampus, xom_teletrap_fun,
          uniq_jessica
D:4:      layout_basic, nemelex_spade_bored_becter,
          minmay_overflow_temple_star_quad, hangedman_minor_gate_pass

Skill      XL: |  1  2  3  4  5  6 |
---------------+-------------------+-----
Axes           | 4 5 |  5.9
Armour         | 3 4 5 |  5.2
Fighting       | 4 |  4.9
Dodging        | 3 |  3.6

Action                   |  1- 3 |  4- 6 || total
-------------------------+-------+-------++-------
Melee: Hand axe          |    70 |    73 ||   143
       Headbutt          |    12 |     7 ||    19
       Punch             |     2 |     1 ||     3
Throw: Dart              |       |     5 ||     5
Invok: Berserk           |       |     1 ||     1
 Stab: Sleeping          |     1 |       ||     1
       Invisible         |       |     1 ||     1
Armor: Animal skin       |    16 |     2 ||    18
       Ring mail         |       |    19 ||    19
Dodge: Dodged            |    50 |    50 ||   100
